 Dungeon Crawl Stone Soup version 0.20-a0-19-gd4fea00 (webtiles) character file.

130 Borgoz the Skirmisher (level 5, -5/47 HPs)
             Began as a Ghoul Monk on Nov 6, 2016.
             Killed by divine providence
             ... invoked by an orc priest
              (13 damage)
             ... on level 3 of the Dungeon.
             The game lasted 00:04:24 (2158 turns).

Borgoz the Skirmisher (Ghoul Monk)                  Turns: 2158, Time: 00:04:24

Health: -5/47      AC:  2    Str: 20 (21) XL:     5   Next: 14%
Magic:  4/4        EV: 13    Int: 10      God:
Gold:   133        SH:  0    Dex: 10 (11) Spells: 0 memorised, 4 levels left

rFire  . . .     SeeInvis .       - Unarmed
rCold  + . .     Gourm    .     a - +0 robe
rNeg   + + +     Faith    .     (no shield)
rPois  ∞         Spirit   .     (no helmet)
rElec  .         Reflect  .     (no cloak)
rCorr  .         Harm     .     (no gloves)
MR     .....                    (no boots)
Stlth  ++........               (no amulet)
                                (no ring)
                                (no ring)

@: mighty, brilliant, rotting
A: rotting body, claws 1, carnivore 3, cold resistance 1, negative energy
resistance 3, slow regeneration 1, torment resistance, unbreathing
a: no special abilities


You were on level 3 of the Dungeon.
You were not hungry.

You visited 1 branch of the dungeon, and saw 3 of its levels.

You collected 133 gold pieces.

Inventory:

Armour
 a - a +0 robe (worn)
Jewellery
 d - an uncursed amulet of guardian spirit {unknown}
 m - a +2 ring of intelligence {unknown}
 p - an uncursed ring of magical power {unknown}
Scrolls
 c - 2 scrolls of fog {unknown}
 e - 2 scrolls of remove curse
 f - a scroll of enchant armour {unknown}
 g - 2 scrolls of noise
 j - 7 scrolls of identify {unknown}
 o - 2 scrolls of amnesia {unknown}
 t - a scroll of magic mapping {unknown}
Potions
 s - a potion of flight {unknown}
Comestibles
 b - 2 meat rations
 h - a beef jerky
 n - 4 chunks of flesh


   Skills:
 + Level 4.4 Fighting
 + Level 1.4 Armour
 + Level 3.6 Dodging
 - Level 2.1 Stealth
 + Level 4.0 Unarmed Combat


You had 4 spell levels left.
You didn't know any spells.

Dungeon Overview and Level Annotations

Branches:
Dungeon (3/15)

Altars:


Innate Abilities, Weirdness & Mutations

Your body is rotting away.
You thrive on raw meat.
You are immune to poison.
You have sharp fingernails.
You are carnivorous and can eat meat at any time.
Your flesh is cold resistant. (rC+)
You are immune to negative energy. (rN+++)
You regenerate slowly when monsters are visible.
You are immune to unholy pain and torment.
You can survive without breathing.


Message History

You claw the hobgoblin!
You kill the hobgoblin!
Your Unarmed Combat skill increases to level 4!
You claw the orc!
You kill the orc!
You scratch the orc priest.
The orc priest is moderately wounded.
The orc priest calls upon Beogh to heal the orc priest.
The orc priest's wounds heal themselves!
The orc priest hits you but does no damage.
You claw the orc priest!
The orc priest is heavily wounded.
You closely miss the orc priest.
The orc priest is heavily wounded.
The orc priest looks encouraged for a moment.
You barely miss the orc priest.
The orc priest is heavily wounded.
The orc priest mumbles some strange prayers to Beogh against you.
Beogh smites you!
You die...

### #.. #.#
.####.
##.###o.....
#...@oo.....
#..###..####
#..##.....#
#..##.....#
#.........#
#.##......#
#.##......#
#.#.....####..#
#.............#


You could see 2 orc priests and an orc.

Vanquished Creatures
  An orc wizard (D:3)
  2 adders
  An ooze (D:2)
  A worm (D:2)
  3 dart slugs
  2 leopard geckos (D:2)
  10 orcs (D:3)
  2 ball pythons
  11 bats
  2 giant cockroaches (D:2)
  6 hobgoblins
  2 jackals (D:1)
  3 frilled lizards (D:2)
  4 goblins
  9 kobolds
  4 rats
63 creatures vanquished.

Notes
Turn   | Place    | Note
-------+----------+-------------------------------------------
     0 | D:1      | Borgoz the Ghoul Monk began the quest for the Orb.
     0 | D:1      | Reached XP level 1. HP: 19/19 MP: 0/0
   136 | D:1      | Reached XP level 2. HP: 5/26 MP: 1/1
   860 | D:1      | Reached XP level 3. HP: 22/33 MP: 2/2
  1116 | D:1      | Reached skill level 1 in Armour
  1397 | D:2      | Reached XP level 4. HP: 40/40 MP: 3/3
  2140 | D:3      | Reached XP level 5. HP: 11/47 MP: 4/4
  2158 | D:3      | Killed from afar by an orc priest

Vault maps used:
D:1:      lemuel_arrival_room
D:3:      old_standard_altar, ecumenical_altar_2, trog_book

Skill      XL: |  1  2  3  4  5 |
---------------+----------------+-----
Dodging        | 3 |  3.6
Armour         | 1 |  1.4
Fighting       | 4 |  4.4
Unarmed Combat | 4 |  4.0
Stealth        | |  2.1

Action                   |  1- 3 |  4- 6 || total
-------------------------+-------+-------++-------
Melee: Unarmed           |   139 |    71 ||   210
       Punch             |     2 |     2 ||     4
  Use: Potion            |       |     5 ||     5
       Scroll            |       |     2 ||     2
 Stab: Sleeping          |     5 |     1 ||     6
  Eat: Chunk             |    14 |     5 ||    19
Armor: Robe              |    33 |     5 ||    38
Dodge: Dodged            |   113 |    32 ||   145
